 Dungeon Crawl Stone Soup version 0.17.0-56-gd8de76c (webtiles) character file.

22 gorblad the Conjurer (level 2, -7/20 HPs)
             Began as a Demigod Conjurer on Dec 4, 2015.
             Mangled by a gnoll
             ... wielding a +0 halberd
              (12 damage)
             ... on level 1 of the Dungeon.
             The game lasted 00:01:56 (550 turns).

gorblad the Conjurer (Demigod Conjurer)              Turns: 550, Time: 00:01:57

Health: -7/20      AC:  3    Str: 11    XL:     2   Next: 51%
Magic:  4/8        EV: 12    Int: 19    God:
Gold:   54         SH:  0    Dex: 16    Spells: 1 memorised, 5 levels left

rFire  . . .     SeeInvis .     (no weapon)
rCold  . . .     Clarity  .     a - +0 robe
rNeg   . . .     SustAt   +     (no shield)
rPois  .         Gourm    .     (no helmet)
rElec  .         Spirit   .     j - +0 cloak
rCorr  .         Warding  .     (no gloves)
rMut   .         Stasis   .     (no boots)
MR     .....                    (no amulet)
Stlth  ++........               (no ring)
                                (no ring)

@: not resistant to hostile enchantments, unstealthy
A: high mp 1, sustain attributes
a: no special abilities


You were on level 1 of the Dungeon.
You were not hungry.

You visited 1 branch of the dungeon, and saw 1 of its levels.

You collected 54 gold pieces.

Inventory:

Armour
 a - a +0 robe (worn)
 j - a +0 cloak (worn)
Scrolls
 f - a scroll of magic mapping {unknown}
 g - a scroll of remove curse {unknown}
Potions
 e - a potion of haste {unknown}
 k - a potion of agility {unknown}
 l - a potion of curing {unknown}
Books
 b - a book of Conjurations

   Spells                             Type                      Level
   a - Magic Dart                     Conjuration                  1
   b - Searing Ray                    Conjuration                  2
   c - Dazzling Spray                 Conjuration/Hexes            3
   d - Fulminant Prism                Conjuration/Hexes            4
   e - Iskenderun's Mystic Blast      Conjuration                  4
   f - Iskenderun's Battlesphere      Conjuration/Charms           5
Comestibles
 c - a bread ration
 d - a slice of pizza
 h - 9 chunks of flesh
 i - a meat ration


   Skills:
 - Level 1.7 Dodging
 - Level 1.7 Stealth
 + Level 2.8 Spellcasting
 - Level 3.6 Conjurations


You had 5 spell levels left.
You knew the following spells:

 Your Spells              Type           Power        Failure   Level  Hunger
a - Magic Dart            Conj           ###.         4%          1    None


Dungeon Overview and Level Annotations

Branches:
Dungeon (1/15)


Innate Abilities, Weirdness & Mutations

You have an increased reservoir of magic (+10% MP).
Your attributes are resistant to harm.


Message History

Casting: Magic Dart
Confirm with . or Enter, or press ? or * to list all spells.
Aiming: Magic Dart
Press: ? - help, Shift-Dir - straight line, f/p - gnoll
Aim: a gnoll, wielding a halberd (moderately wounded)
The magic dart hits the gnoll.
The gnoll is moderately wounded.
The gnoll hits you with a halberd!
Ouch! That really hurt!
* * * LOW HITPOINT WARNING * * *
Casting: Magic Dart
Confirm with . or Enter, or press ? or * to list all spells.
Aiming: Magic Dart
Press: ? - help, Shift-Dir - straight line, f/p - gnoll
Aim: a gnoll, wielding a halberd (moderately wounded)
The magic dart hits the gnoll.
The gnoll is moderately wounded.
The gnoll hits you with a halberd!
Ouch! That really hurt!
You die...

####....# #.# ##.#.## #.#
#....# #.# ##..# #.# ##.#.#
#.# ##...# #.# #.#.#
#.####....# #.# #.#.#
#......#..# #.# #.#.#
######...## #.#
#####.#.####### ##÷##
......>.......####)#
#.##......>...g@..#########.
#...................÷.......
##.##...###.#.###############
...##...# #.#.# ........#
#.#.# ##.###..# #.#.# #.#
#..# #.#.# ##.########.#.#
.(..........#.#


You could see a gnoll.

Vanquished Creatures
  A gnoll (D:1)
  A goblin (D:1)
  3 hobgoblins (D:1)
  A bat (D:1)
  2 giant newts (D:1)
  2 kobolds (D:1)
  4 rats (D:1)
14 creatures vanquished.

Notes
Turn   | Place    | Note
--------------------------------------------------------------
     0 | D:1      | gorblad the Demigod Conjurer began the quest for the Orb.
     0 | D:1      | Reached XP level 1. HP: 14/14 MP: 5/5
     0 | D:1      | Noticed an octopode
     1 | D:1      | Noticed a felid
     3 | D:1      | Noticed a ghoul
     3 | D:1      | Noticed a naga
     5 | D:1      | Noticed a naga
     6 | D:1      | Noticed a dwarf
     7 | D:1      | Noticed a formicid
     9 | D:1      | Noticed an ogre
    11 | D:1      | Noticed a troll
    11 | D:1      | Noticed an octopode
    13 | D:1      | Noticed a troll
    13 | D:1      | Noticed a human
    17 | D:1      | Noticed a gargoyle
    17 | D:1      | Noticed an elf
    19 | D:1      | Noticed a draconian
    19 | D:1      | Noticed a spriggan
   394 | D:1      | Reached XP level 2. HP: 20/20 MP: 1/7
   550 | D:1      | Mangled by a gnoll

Action                   || total
-------------------------++-------
Melee: Unarmed           ||     6
 Cast: Magic Dart        ||    30
